 Dungeon Crawl Stone Soup version 0.22.0-49-gab54619674 (webtiles) character file.

148 JedernureinKreuz the Conjurer (level 5, -8/37 HPs)
             Began as a Gnoll Conjurer on Sept 8, 2018.
             Was an Initiate of Sif Muna.
             Killed by divine providence
             ... invoked by an orc priest
              (13 damage)
             ... on level 3 of the Dungeon.
             The game lasted 00:09:20 (2129 turns).

JedernureinKreuz the Conjurer (Gnoll Conjurer)      Turns: 2129, Time: 00:09:21

Health: -8/37      AC:  4    Str: 10    XL:     5   Next: 30%
Magic:  5/12       EV: 14    Int: 18    God:    Sif Muna [......]
Gold:   156        SH:  0    Dex: 16    Spells: 6/14 levels left

rFire    + . .     SeeInvis .   a - +4 quarterstaff (chaos)
rCold    . . .     Gourm    .   (shield currently unavailable)
rNeg     . . .     Faith    .   m - +0 leather armour
rPois    +         Spirit   .   (no helmet)
rElec    .         Reflect  .   B - +0 cloak {rPois}
rCorr    .         Harm     .   (no gloves)
MR       .....                  (no boots)
Stlth    +++.......             (no amulet)
HPRegen  0.12/turn              j - ring of protection from fire
MPRegen  0.13/turn              n - ring of flight

@: no status effects
A: distributed training, fangs 1, strong nose
a: Renounce Religion, Evoke Flight


You were on level 3 of the Dungeon.
You worshipped Sif Muna.
Sif Muna was noncommittal.
You were hungry.

You visited 1 branch of the dungeon, and saw 3 of its levels.

You collected 156 gold pieces.

Inventory:

Hand Weapons
 a - a +4 quarterstaff of chaos (weapon)
 b - a +0 short sword
 g - a +0 hunting sling
 h - a +0 dagger
Missiles
 k - 62 stones (quivered)
 s - 25 arrows
 y - 28 bolts
Armour
 m - a +0 leather armour (worn)
 z - a +0 robe
 B - a +0 cloak of poison resistance (worn)
Jewellery
 j - a ring of protection from fire (left hand)
 n - a ring of flight (right hand)
 D - a +2 ring of protection {unknown}
Scrolls
 d - 2 scrolls of enchant weapon {unknown}
 i - 4 scrolls of identify {unknown}
 l - 2 scrolls of amnesia {unknown}
 q - 2 scrolls of enchant armour {unknown}
 r - a scroll of remove curse {unknown}
 u - a scroll of immolation {unknown}
 x - 3 scrolls of teleportation {unknown}
Potions
 e - a potion of mutation {unknown}
 f - a potion of ambrosia {unknown}
 o - 2 potions of brilliance {unknown}
 p - 2 potions of degeneration {unknown}
 t - a potion of invisibility {unknown}
 v - a potion of lignification {unknown}
 w - 2 potions of curing {unknown}
 A - 2 potions of heal wounds {unknown}
 C - a potion of might {unknown}
Comestibles
 c - 7 rations


   Skills:
 + Level 1.4 Fighting
 + Level 1.4 Short Blades
 + Level 1.4 Long Blades
 + Level 1.4 Axes
 + Level 1.4 Maces & Flails
 + Level 1.4 Polearms
 + Level 1.4 Staves
 + Level 1.4 Slings
 + Level 1.4 Bows
 + Level 1.4 Crossbows
 + Level 1.4 Throwing
 + Level 1.4 Armour
 + Level 4.7 Dodging
 + Level 4.3 Stealth
 + Level 1.4 Shields
 + Level 1.4 Unarmed Combat
 + Level 5.1 Spellcasting
 + Level 7.2 Conjurations
 + Level 1.1 Hexes
 + Level 1.1 Charms
 + Level 1.1 Summonings
 + Level 1.1 Necromancy
 + Level 1.1 Translocations
 + Level 1.1 Transmutations
 + Level 1.1 Fire Magic
 + Level 1.1 Ice Magic
 + Level 1.1 Air Magic
 + Level 1.1 Earth Magic
 + Level 1.1 Poison Magic
 + Level 1.5 Invocations
 + Level 1.4 Evocations


You had 6 spell levels left.
You knew the following spells:

 Your Spells              Type           Power        Failure   Level  Hunger
a - Magic Dart            Conj           ####         1%          1    None
b - Iskenderun's Mystic   Conj           ####....     9%          4    ####...
c - Dazzling Spray        Conj/Hex       ###...       10%         3    ##.....

Your spell library contained the following spells:

 Spells                   Type           Power        Failure   Level  Hunger
 Searing Ray              Conj           ####..       1%          2    #......
 Force Lance              Conj/Tloc      ###.....     30%         4    ####...
 Fulminant Prism          Conj/Hex       ###.......   30%         4    ####...


Dungeon Overview and Level Annotations

Branches:
Dungeon (3/15)

Altars:
Kikubaaqudgha
Sif Muna


Innate Abilities, Weirdness & Mutations

Your experience applies equally to all skills.
You have very sharp teeth.
Your uncanny sense of smell can sniff out nearby items.


Message History

Aiming: Iskenderun's Mystic Blast (safe; 9% risk of failure)
Press: ? - help, Shift-Dir - straight line, f - orc
Aim: an orc, wielding a club The orb of energy misses the orc.
The orb of energy hits the orc.
You kill the orc!
Sif Muna accepts your kill.
The orb of energy explodes!
You hit the orc priest. You freeze the orc priest.
The orc priest is heavily wounded.
The orc priest hits you with a dagger.
You hit the orc priest.
The orc priest is severely wounded.
The orc priest mumbles some strange prayers to Beogh against you.
Pain shoots through your body! The orc misses you.
The orc priest mumbles some strange prayers to Beogh against you.
Beogh smites you!
* * * LOW HITPOINT WARNING * * *
The orc priest invokes the aid of Beogh against you.
Beogh smites you!
You die...

##### #.# ##. #. #.... #.#
#.. #.# #.### ##+#
#.###.###.# #.##. ##...##
#.........# #.##.
##.....###.....>...# #.##.
##.......##.##......# #.##.
#.........#.##.# #..###....
+.........@....# #.........
#.......o.#.##.###..#######
#......o##.##......#
##.....###.####.##.#
##...## #.........# ##'##
###..#.#### #....)..#
#....# #......#.# ...∆... #
#..###)#...######## ##


You could see an orc priest and an orc.

Vanquished Creatures
  Crazy Yiuf (D:2)
  An orc wizard (D:3)
  Jessica (D:2)
  2 adders (D:2)
  2 worms
  A leopard gecko (D:2)
  2 orcs (D:3)
  2 bats (D:2)
  A giant cockroach (D:3)
  9 goblins
  A hobgoblin (D:2)
  7 kobolds
  3 quokkas
  2 frilled lizards
  7 rats
42 creatures vanquished.

Notes
Turn   | Place    | Note
-------+----------+-------------------------------------------
     0 | D:1      | JedernureinKreuz the Gnoll Conjurer began the quest for the
                  | Orb.
     0 | D:1      | Reached XP level 1. HP: 13/13 MP: 6/6
   163 | D:1      | Reached XP level 2. HP: 19/19 MP: 5/7
   754 | D:2      | Noticed Jessica
   767 | D:2      | Killed Jessica
   767 | D:2      | Reached skill level 5 in Spellcasting
   767 | D:2      | Reached skill level 1 in Invocations
   767 | D:2      | Reached XP level 3. HP: 18/25 MP: 6/9
   899 | D:2      | Reached skill level 1 in Fighting
   899 | D:2      | Reached skill level 1 in Short Blades
   899 | D:2      | Reached skill level 1 in Long Blades
   899 | D:2      | Reached skill level 1 in Axes
   899 | D:2      | Reached skill level 1 in Maces & Flails
   899 | D:2      | Reached skill level 1 in Polearms
   899 | D:2      | Reached skill level 1 in Staves
   899 | D:2      | Reached skill level 1 in Slings
   899 | D:2      | Reached skill level 1 in Bows
   899 | D:2      | Reached skill level 1 in Crossbows
   899 | D:2      | Reached skill level 1 in Throwing
   899 | D:2      | Reached skill level 1 in Armour
   899 | D:2      | Reached skill level 1 in Shields
   899 | D:2      | Reached skill level 1 in Unarmed Combat
   899 | D:2      | Reached skill level 1 in Evocations
   899 | D:2      | Reached XP level 4. HP: 24/32 MP: 6/11
  1106 | D:2      | Found an ancient bone altar of Kikubaaqudgha.
  1212 | D:2      | Found a deep blue altar of Sif Muna.
  1217 | D:2      | Became a worshipper of Sif Muna the Loreminder
  1555 | D:2      | Found a runed door.
  1564 | D:2      | Learned a level 4 spell: Iskenderun's Mystic Blast
  1568 | D:2      | Learned a level 3 spell: Dazzling Spray
  1568 | D:2      | Noticed Crazy Yiuf
  1574 | D:2      | Killed Crazy Yiuf
  1574 | D:2      | Reached skill level 1 in Hexes
  1574 | D:2      | Reached skill level 1 in Charms
  1574 | D:2      | Reached skill level 1 in Summonings
  1574 | D:2      | Reached skill level 1 in Necromancy
  1574 | D:2      | Reached skill level 1 in Translocations
  1574 | D:2      | Reached skill level 1 in Transmutations
  1574 | D:2      | Reached skill level 1 in Fire Magic
  1574 | D:2      | Reached skill level 1 in Ice Magic
  1574 | D:2      | Reached skill level 1 in Air Magic
  1574 | D:2      | Reached skill level 1 in Earth Magic
  1574 | D:2      | Reached skill level 1 in Poison Magic
  2007 | D:3      | Reached XP level 5. HP: 36/37 MP: 12/12
  2129 | D:3      | Killed from afar by an orc priest

Skill      XL: |  1  2  3  4 |
---------------+-------------+-----
Spellcasting   | 5 |  5.1
Invocations    | 1 |  1.5
Fighting       | 1 |  1.4
Short Blades   | 1 |  1.4
Long Blades    | 1 |  1.4
Axes           | 1 |  1.4
Maces & Flails | 1 |  1.4
Polearms       | 1 |  1.4
Staves         | 1 |  1.4
Slings         | 1 |  1.4
Bows           | 1 |  1.4
Crossbows      | 1 |  1.4
Throwing       | 1 |  1.4
Armour         | 1 |  1.4
Shields        | 1 |  1.4
Unarmed Combat | 1 |  1.4
Evocations     | 1 |  1.4
Hexes          | 1 |  1.1
Charms         | 1 |  1.1
Summonings     | 1 |  1.1
Necromancy     | 1 |  1.1
Translocations | 1 |  1.1
Transmutations | 1 |  1.1
Fire Magic     | 1 |  1.1
Ice Magic      | 1 |  1.1
Air Magic      | 1 |  1.1
Earth Magic    | 1 |  1.1
Poison Magic   | 1 |  1.1
Dodging        | |  4.7
Stealth        | |  4.3
Conjurations   | |  7.2

Action                   |  1- 3 |  4- 6 || total
-------------------------+-------+-------++-------
Melee: Short sword       |    26 |    16 ||    42
       Bite              |     2 |     3 ||     5
       Dagger            |     1 |       ||     1
       Quarterstaff      |       |     8 ||     8
 Cast: Magic Dart        |    24 |    26 ||    50
       Iskenderun's Myst |       |     2 ||     2
 Stab: Sleeping          |     5 |     2 ||     7
  Eat: Chunk             |       |     3 ||     3
Armor: Leather armour    |     1 |     4 ||     5
Dodge: Dodged            |    19 |    20 ||    39
